AoeStats
← Zane

Arabian Desert

510276228Analyzed
1v1 RM · 2d ago on Sep 30, 2026· 27m 55s· 2 players
Game mode
Random Map
Map size
Tiny (2 player)
Population
200
Speed
Normal
Resources
Standard
Victory
Conquest
Starting age
Dark Age
Ending age
Imperial Age
RankedLock teamsTeams togetherTeam positionsShared explorationLock speedFull tech treeHidden civsTurbo modeCheats
Victory
Defeat
🇨🇳 Magyars · China
1794
+16
🇩🇪 Japanese · Germany
1786
-16
Pummeluff
5:11 Loom
8:59 Feudal Age
9:35 Double-Bit Axe
9:11 Man-at-Arms
16:59 Wheelbarrow
20:23 Castle Age
19:09 Padded Archer Armor
18:56 Horse Collar
19:47 Scale Mail Armor
19:41 Fletching
21:12 Scale Barding Armor
21:28 Bodkin Arrow
24:25 Bow Saw
24:15 Elite Skirmisher
26:04 Town Watch
26:57 Sanctity
28:21 Heavy Plow
Zane
6:06 Loom
8:25 Feudal Age
9:25 Double-Bit Axe
16:02 Fletching
18:40 Padded Archer Armor
23:26 Castle Age
21:56 Horse Collar
23:23 Scale Barding Armor
23:30 Bloodlines
23:12 Gold Mining
24:03 Bodkin Arrow
23:30 Crossbowman
26:08 Ballistics
26:06 Husbandry
28:50 Wheelbarrow
Connection lost

Rejoining the realm…

Still unreachable

The connection could not be restored.

Session expired

The server has moved on; the page needs a fresh start.